 Dungeon Crawl Stone Soup version 0.23.2-30-g0e89c35649 (webtiles) character file.

Game seed: 16113495219937723743

219 MalarOregon the Digger (level 5, -2/43 (44) HPs)
             Began as a Ghoul Earth Elementalist on June 8, 2019.
             Slain by a wyvern (9 damage)
             ... on level 4 of the Dungeon.
             The game lasted 00:07:00 (4401 turns).

MalarOregon the Digger (Ghoul Earth Elementalist)   Turns: 4401, Time: 00:07:00

HP:   -2/43 (44)    AC:  4    Str: 17    XL:     5   Next: 96%
MP:   15/16         EV: 12    Int: 11    God:
Gold: 200           SH:  0    Dex:  9    Spells: 2/8 levels left

rFire    . . .     SeeInvis .     - Unarmed
rCold    + . .     Gourm    .   (no shield)
rNeg     + + +     Faith    .   c - +0 robe
rPois    ∞         Spirit   .   k - +1 helmet (curse)
rElec    .         Reflect  .   (no cloak)
rCorr    .         Harm     .   (no gloves)
MR       +....                  (no boots)
Stlth    ++........             (no amulet)
HPRegen  0.00/turn              l - ring of protection from magic
MPRegen  0.15/turn              g - ring of magical power

@: mighty, rotting, hasted, very quick
A: rotting body, claws 1, carnivore, cold resistance 1, negative energy
resistance 3, inhibited regeneration, torment resistance, unbreathing
a: no special abilities


You were on level 4 of the Dungeon.
You were not hungry.

You visited 1 branch of the dungeon, and saw 4 of its levels.

You collected 200 gold pieces.

Inventory:

Missiles
 b - 89 stones (quivered)
Armour
 c - a +0 robe (worn)
 k - a cursed +1 helmet (worn)
   (You took it off Robin on level 2 of the Dungeon)
Jewellery
 g - a ring of magical power (right claw)
   (You found it on level 1 of the Dungeon)
 l - a ring of protection from magic (left claw)
   (You found it on level 3 of the Dungeon)
 r - an uncursed ring of fire
   (You found it on level 3 of the Dungeon)
Wands
 s - a wand of enslavement (6)
   (You found it on level 3 of the Dungeon)
Scrolls
 f - a scroll of random uselessness
Potions
 d - 3 potions of curing {@q1}
 m - a potion of ambrosia {unknown}
 q - a potion of magic {unknown}
Comestibles
 e - 4 rations {!d}


   Skills:
 * Level 2.9 Fighting
 + Level 2.4 Dodging
 + Level 3.0 Stealth
 * Level 2.9 Unarmed Combat
 + Level 2.3 Spellcasting
 - Level 0.8 Transmutations
 + Level 3.8 Earth Magic


You had 2 spell levels left.
You knew the following spells:

 Your Spells              Type           Power        Failure   Level  Hunger
a - Sandblast             Erth           #.....       6%          1    ##.....
q - Passwall              Tmut/Erth      #.......     16%         2    ###....
x - Stone Arrow           Conj/Erth      #.....       36%         3    ####...

Your spell library contained the following spells:

 Spells                   Type           Power        Failure   Level  Hunger
 Petrify                  Tmut/Erth      #.......     71%         4    #####..
 Lee's Rapid Deconstruct  Erth           #.........   85%         5    ######.


Dungeon Overview and Level Annotations

Branches:
Dungeon (4/15)
 Temple: D:4-7

Altars:
Cheibriados
Yredelemnul


Innate Abilities, Weirdness & Mutations

Your body is rotting away.
You thrive on raw meat.
You are immune to poison.
You have sharp fingernails.
You are carnivorous and can eat meat at any time.
Your flesh is cold resistant. (rC+)
You are immune to negative energy. (rN+++)
You do not regenerate when monsters are visible.
You are immune to unholy pain and torment.
You can survive without breathing.


Message History

There is an open door here.
You enter the shallow water.
Moving in this stuff is going to be slow.
There is a snail-covered altar of Cheibriados here.
You enter the shallow water.
Moving in this stuff is going to be slow.
You open the door.
There is an open door here.
You open the door.
A wyvern comes into view.
Found a stone staircase leading down.
A wyvern is nearby!
A wyvern is nearby!
A wyvern is nearby!
Here: a wyvern (resting)
The floor.
Partly explored, can't reach some places.
Really walk into a travel-excluded area?
The wyvern hisses angrily.
There is an open door here.
The wyvern bites you!
As you read the scroll labeled TAOSIA LASUPS, it crumbles to dust.
You smell salt.
It was a scroll of random uselessness.
The wyvern misses you.
Okay, then.
Here: a wyvern The floor.
You feel very mighty all of a sudden. The wyvern barely misses you.
The wyvern bites you!
* * * LOW HITPOINT WARNING * * *
It was a potion of haste.
You feel yourself speed up. The wyvern closely misses you.
You enter the shallow water.
Moving in this stuff is going to be slow.
The wyvern barely misses you. The wyvern closely misses you.
The wyvern closely misses you.
There is a stone staircase leading up here.
Okay, then.
You scratch the wyvern but do no damage.
The wyvern bites you but does no damage.
You scratch the wyvern. The wyvern bites you.
* * * LOW HITPOINT WARNING * * *
You barely miss the wyvern. The wyvern bites you.
* * * LOW HITPOINT WARNING * * *
You closely miss the wyvern.
Aim: a wyvern (lightly wounded)
The blast of sand misses the wyvern.
b - 89 stones The wyvern bites you!
You die...

..................#..##
..........≈≈≈.....#..#
.........≈≈≈≈≈....#..#
###......≈≈)≈≈...##..#
..#......≈≈≈≈≈...#...#
..+......#≈≈≈....#...#
#.#......##_#....###'##
####....########l.....#
# #....# #@.....# #
#....# #......# #
#....# #......# #
#....# #......# ######
########


You could see a wyvern.

Vanquished Creatures
  Natasha (thrice) (D:3)
  Robin (D:2)
  5 adders
  2 oozes (D:2)
  A worm (D:3)
  5 dart slugs
  A leopard gecko (D:1)
  5 bats
  A giant cockroach (D:1)
  13 goblins
  6 hobgoblins
  4 jackals
  3 quokkas
  2 ball pythons (D:2)
  4 frilled lizards
  6 kobolds
  10 rats
72 creatures vanquished.

Notes
Turn   | Place    | Note
-------+----------+-------------------------------------------
     0 | D:1      | MalarOregon the Ghoul Earth Elementalist began the quest
                  | for the Orb.
     0 | D:1      | Reached XP level 1. HP: 14/14 MP: 2/2
   475 | D:1      | Reached XP level 2. HP: 15/22 MP: 3/3
  1132 | D:1      | Reached skill level 1 in Unarmed Combat
  1227 | D:1      | Reached skill level 1 in Fighting
  1527 | D:1      | Reached XP level 3. HP: 22/28 MP: 4/4
  1782 | D:2      | Noticed Robin
  2079 | D:2      | Learned a level 2 spell: Passwall
  2083 | D:2      | Learned a level 3 spell: Stone Arrow
  2248 | D:2      | Killed Robin
  2427 | D:2      | Reached XP level 4. HP: 34/36 MP: 6/6
  3100 | D:3      | Found a basalt altar of Yredelemnul.
  3228 | D:3      | Reached XP level 5. HP: 42/42 MP: 3/7
  3305 | D:3      | Noticed Natasha
  3825 | D:3      | Killed Natasha
  3961 | D:3      | Noticed Natasha
  3970 | D:3      | Killed Natasha
  3982 | D:3      | Noticed Natasha
  3987 | D:3      | Killed Natasha
  4266 | D:3      | Found a basalt altar of Yredelemnul.
  4307 | D:4      | Found a snail-covered altar of Cheibriados.
  4369 | D:4      | Noticed a wyvern
  4401 | D:4      | Slain by a wyvern

Skill      XL: |  1  2  3  4  5 |
---------------+----------------+-----
Dodging        | 2 |  2.4
Unarmed Combat | 1 2 |  2.9
Fighting       | 1 2 |  2.9
Spellcasting   | 2 |  2.3
Stealth        | 3 |  3.0
Transmutations | |  0.8
Earth Magic    | |  3.8

Action                   |  1- 3 |  4- 6 || total
-------------------------+-------+-------++-------
Melee: Unarmed           |   133 |    92 ||   225
       Punch             |       |     1 ||     1
 Cast: Sandblast         |     7 |    28 ||    35
  Use: Scroll            |       |     6 ||     6
       Potion            |       |     2 ||     2
 Stab: Sleeping          |     2 |     6 ||     8
  Eat: Chunk             |     9 |     6 ||    15
Armor: Robe              |    17 |    22 ||    39
Dodge: Dodged            |    70 |    60 ||   130
